Map: At Eternity's Edge LE

Players

Halo - Winner!

  • Race: Zerg Zerg

A.I. 1 (Harder)

  • Race: Zerg Zerg

VOD

Have the link to the VOD?

Description

Time

  • Played on: Aug. 7, 2026, 2:40 p.m.
  • Length: 8:56
Show
View Real Time Build Order
Export as new Build Order

Halo Zerg - Winner!

Build Orders: Hatch First 

Get SALT Encoding   

  8  0:00  Drone  
  9  0:11  Drone  
  10  0:16  Drone  
  11  0:22  Drone  
  12  0:32  Overlord  
  12  0:41  Extractor, Drone  
  13  0:53  Drone x2  
  15  1:14  Hatchery  
  15  1:18  Drone  
  15  1:21  Drone  
  16  1:40  Spawning Pool  
  16  1:41  Extractor  
  16  1:42  Drone  
  16  1:47  Drone  
  16  1:49  Drone  
  16  1:54  Drone  
  18  2:02  Drone  
  19  2:12  Overlord  
  19  2:23  Drone  
  20  2:31  Queen x2  
  20  2:34  Drone  
  25  2:39  Zergling x2  
  25  2:41  Zergling x2  
  28  2:44  Drone  
  28  2:50  Metabolic Boost  
  28  3:10  Hatchery  
  27  3:15  Overlord  
  27  3:19  Drone x2  
  29  3:20  Drone  
  29  3:23  Drone  
  29  3:25  Drone  
  32  3:30  Overlord  
  32  3:35  Drone  
  33  3:46  Drone  
  33  3:47  Drone x4  
  33  3:48  Drone  
  39  3:58  Drone x4  
  39  4:02  Extractor  
  42  4:05  Baneling Nest  
  42  4:06  Drone  
  42  4:08  Drone  
  43  4:22  Overlord x2  
  43  4:37  Zergling x12  
  43  4:38  Zergling x4  
  51  4:47  Queen  
  46  5:00  Zergling x12  
  48  5:07  Zergling x2  
  48  5:08  Zergling x2  
  49  5:26  Queen  
  51  5:35  Drone  
  52  5:37  Drone x10  
  62  5:45  Lair  
  62  5:46  Drone  
  62  5:47  Drone, Evolution Chamber  
  62  5:49  Drone, Evolution Chamber  
  63  5:53  Drone  
  63  5:55  Overlord x2  
  64  6:02  Drone  
  64  6:03  Drone x3  
  68  6:09  Overlord  
  68  6:11  Overlord x2  
  68  6:15  Zerg Melee Weapons Level 1, Zerg Ground Armor Level 1  
  68  6:16  Zergling x6  
  71  6:23  Zergling x4  
  73  6:38  Overlord x3  
  73  6:39  Zergling x12  
  82  6:40  Zergling x6  
  82  6:45  Centrifugal Hooks  
  82  6:50  Zergling x4  
  84  7:02  Zergling x8  
  84  7:03  Zergling x6  
  91  7:13  Zergling x6  
  91  7:14  Zergling x10  
  91  7:15  Hatchery  
  98  7:23  Hatchery  
  98  7:29  Zergling x2  
  98  7:30  Zergling x14  
  98  7:33  Baneling  
  98  7:34  Baneling x14  
  104  7:54  Zergling x2  
  104  7:55  Zergling x14  
  107  8:05  Overlord x2  
  107  8:06  Overlord  
  107  8:11  Zergling x2  
  107  8:12  Zergling x6  
  102  8:25  Zergling x14  
  104  8:42  Drone x7  
  104  8:43  Drone x3  
Show
View Real Time Build Order
Export as new Build Order

A.I. 1 (Harder) Zerg 

Build Orders: 1 Base Baneling Bust, Pool First, Zergling Baneling 

Get SALT Encoding   

  8  0:00  Drone  
  9  0:10  Drone  
  10  0:16  Drone  
  11  0:21  Drone  
  12  0:33  Overlord  
  12  0:51  Drone x3  
  15  1:01  Drone  
  16  1:10  Spawning Pool  
  15  1:12  Drone  
  16  1:19  Extractor  
  16  1:20  Drone  
  16  1:30  Drone  
  17  1:40  Overlord  
  17  1:56  Queen  
  17  1:57  Zergling x2  
  17  2:00  Zergling x2  
  21  2:07  Roach Warren  
  20  2:10  Drone  
  20  2:12  Extractor  
  20  2:16  Baneling Nest  
  20  2:21  Drone  
  20  2:30  Drone  
  21  2:40  Drone  
  22  2:49  Overlord  
  22  3:00  Drone  
  22  3:01  Baneling  
  22  3:02  Baneling  
  22  3:03  Zergling x6  
  26  3:07  Baneling  
  26  3:11  Zergling x2, Baneling  
  27  3:20  Drone  
  27  3:25  Metabolic Boost  
  28  3:30  Zergling x2  
  29  3:34  Zergling x2  
  29  3:38  Overlord  
  30  3:42  Zergling x2  
  30  3:46  Zergling x2  
  32  3:51  Zergling x2  
  32  3:52  Baneling  
  33  3:57  Baneling  
  33  4:01  Zergling x2, Baneling  
  33  4:02  Baneling  
  34  4:06  Zergling x2  
  34  4:08  Drone  
  36  4:12  Drone  
  36  4:16  Drone  
  38  4:23  Overlord  
  38  4:32  Roach  
  41  4:38  Drone  
  41  4:43  Lair  
  41  4:57  Drone  
  37  5:00  Drone  
  37  5:04  Drone  
  37  5:07  Roach  
  38  5:15  Ravager  
  38  5:19  Roach  
  40  5:30  Overlord  
  40  5:37  Evolution Chamber  
  39  5:44  Hydralisk Den, Drone  
  39  6:03  Zerg Ground Armor Level 1, Burrow  
  39  6:07  Roach  
  41  6:15  Roach  
  43  6:22  Hydralisk  
  45  6:30  Ravager  
  45  6:31  Roach  
  48  6:38  Hydralisk  
  50  6:40  Hatchery  
  50  6:41  Drone  
  50  6:46  Hydralisk  
  52  6:54  Hydralisk, Ravager, Overlord  
  55  7:02  Roach  
  57  7:09  Hydralisk  
  57  7:13  Spore Crawler  
  58  7:17  Spore Crawler, Hydralisk  
  58  7:18  Drone  
  60  7:29  Queen  
  60  7:32  Overlord  
  61  7:44  Spine Crawler  
  61  7:46  Drone  
  61  7:52  Overseer  
  61  7:54  Spine Crawler  
  61  7:55  Drone  
  61  8:01  Drone  
  62  8:05  Drone  
  62  8:06  Overseer  
  62  8:08  Drone  
  62  8:12  Roach  
  36  8:18  Hydralisk  
  38  8:22  Hydralisk  
  38  8:23  Drone  
  38  8:27  Hydralisk  
  29  8:28  Drone  
  29  8:29  Hydralisk  
  29  8:31  Drone  
  33  8:36  Drone x3  
  33  8:38  Drone x2  
Tags
 
Add a new tag
Caveats
  • Supply blocks, unpowered buildings, or Contaminate may cause inaccurate times.
  • Supply counts are checked every 10 seconds.